[Event "Summer Chess Classic-A 2022"]
[Site "Saint Louis"]
[Date "2022.06.02"]
[Round "1.1"]
[White "Sevian, Samuel"]
[Black "Mishra, Abhimanyu"]
[Result "1/2-1/2"]
[ECO "D13"]
[WhiteElo "2703"]
[BlackElo "2535"]
[Annotator "TA"]
[PlyCount "66"]
[EventDate "2022.05.31"]
[EventType "tourn"]
[EventCountry "USA"]
[SourceTitle "playchess.com"]
[Source "ChessBase"]
[SourceQuality "1"]
[TimeControl "40/5400+30:1800+30"]

1. c4 c6 2. d4 d5 3. Nf3 Nf6 4. cxd5 cxd5 5. Nc3 Nc6 6. Bf4 a6 7. Ne5 {[%emt 0:00:21] 7.Rc1 is a critical line.} Qb6 8. Nxc6 bxc6 9. a3 {[%emt 0:00:31] has lost popularity (9.Qd2). D13: Slav Defence: Exchange variation without ...Bf5.} Qxb2 10. Na4 Qb5 11. e4 {[%emt 0:07:32][%mdl 1024] White has compensation. White has an edge.} Qa5+ {[%emt 0:00:35] The position is equal.} 12. Bd2 Qc7 13. e5 Ne4 {[%emt 0:00:43] [#]} 14. Bd3 $146 ({Predecessor:} 14. Be2 Nxd2 15. Qxd2 e6 16. O-O Be7 17. Rfc1 O-O 18. Rc3 f6 19. Rac1 Bd7 20. f4 {0-1 (29) Jakubowski,K (2331)-Vysochin,S (2533) Cappelle la Grande 2001}) 14... Nxd2 15. Qxd2 e6 16. O-O Be7 17. Rfc1 O-O 18. Rc3 f5 19. Nc5 a5 20. Rac1 Bd7 21. Qd1 Bxc5 22. Rxc5 Rfb8 23. Bb5 Rb6 24. Ba4 Qb7 25. h3 h6 26. Qc2 Raa6 27. Qc3 Rb1 28. Rxb1 Qxb1+ 29. Kh2 Kh7 30. Bc2 Qb6 31. Ba4 Qb1 32. Bc2 Qb6 33. Ba4 Qb1 {[%emt 0:00:04] An even fight not without its subleties.  Weighted Error Value: White=0.03 (flawless) /Black=0.01 (flawless)} 1/2-1/2

[Event "Summer Chess Classic-A 2022"]
[Site "Saint Louis"]
[Date "2022.06.02"]
[Round "1.2"]
[White "Yu, Yangyi"]
[Black "Gledura, Benjamin"]
[Result "1/2-1/2"]
[ECO "D20"]
[WhiteElo "2710"]
[BlackElo "2644"]
[Annotator "TA"]
[PlyCount "103"]
[EventDate "2022.05.31"]
[EventType "tourn"]
[EventCountry "USA"]
[SourceTitle "playchess.com"]
[Source "ChessBase"]
[SourceQuality "1"]
[TimeControl "40/5400+30:1800+30"]

1. d4 d5 2. c4 dxc4 3. e4 Nf6 4. e5 Nd5 5. Bxc4 Bf5 6. Ne2 {[%emt 0:08:00] D20: Queen's Gambit Accepted: 3 e3 and 3 e4.} e6 7. O-O Nb6 8. Bd3 Bxd3 9. Qxd3 Nc6 {[%emt 0:00:11] [#]} 10. Qe4 $146 ({Predecessor:} 10. Rd1 Be7 11. Nbc3 Qd7 12. Be3 O-O-O 13. Qb5 Nb4 14. Qxd7+ Rxd7 15. Rac1 N4d5 16. Ne4 {1-0 (67) Khlichkova,T (2270)-Belenkaya,D (2329) Sochi 2018}) 10... Qd5 11. Nbc3 Qxe4 12. Nxe4 O-O-O 13. Be3 Nd5 14. Rac1 f6 15. exf6 gxf6 16. Rfd1 Bg7 17. Nf4 Nxf4 18. Bxf4 Rhe8 19. b4 Rd5 20. a4 a6 {[%emt 0:02:07] Inhibits b5.} 21. Nc3 Rd7 22. Ne4 Red8 $1 23. Nc5 Rxd4 24. Rxd4 Nxd4 25. Kf1 {[%emt 0:00:06][%cal Oc5b7] Inhibits Ne2.} e5 26. Be3 f5 (26... c6 $5 ) 27. f3 Bf6 28. Bxd4 Rxd4 $17 {[%emt 0:00:23][%mdl 4096] Endgame KRB-KRN} 29. Ne6 Rd7 ({Don't play} 29... Rxb4 30. Rxc7+ Kb8 31. Rf7 $16) 30. g4 (30. h3 $17) 30... fxg4 $19 31. fxg4 Rd6 32. Nc5 (32. Nxc7 $17 Kd7 33. Rc5) 32... Rd4 (32... Be7 $19 33. Kg2 Rc6) 33. Ne6 $15 Rd6 ({But not} 33... Rxb4 34. Rxc7+ Kb8 35. Rf7 $11) (33... Rd7 $15) 34. Nc5 $1 $19 Rd4 $2 {[%emt 0:01:22] Prevents Ne4.} ({Black should try} 34... Be7 $1 $19 {...Rc6 is the strong threat.} 35. Rc4 Rf6+ 36. Ke1 Rh6) 35. Ne6 $15 Rxg4 ({Resist} 35... Rxb4 36. Rxc7+ Kb8 37. Rf7 $11) 36. Rxc7+ Kb8 37. b5 {[%emt 0:04:29] Strongly threatening b6.} Rxa4 38. Rf7 {[%emt 0:00:38] Hoping for b6.} Bh4 39. b6 {[%emt 0:03:02] [#]} (39. Rxh7 $11 {and White is okay.} axb5 40. Nc5 Rf4+ 41. Ke2) 39... Rc4 $1 $19 40. Rxh7 Kc8 41. Rh8+ Kd7 42. Nf8+ Kd6 43. Ng6 Bf6 44. Rf8 Ke6 45. Rb8 {[%emt 0:00:14] [#]} Kf7 (45... Kf5 $1 $19 46. Nf8 Rf4+ 47. Ke2 Be7) 46. Nf8 $15 Rd4 {[%emt 0:00:13] Prevents Nd7.} (46... Be7 $15 47. Nd7 Rf4+ 48. Ke2 Ke6 49. Rxb7 Bd6) 47. Nh7 Bd8 {[%emt 0:04:22] And now ...Rd7 would win.} 48. Rxb7+ {[%emt 0:00:05] The position is equal.} Kg8 49. Ra7 Rf4+ 50. Ke2 Bxb6 51. Rxa6 Kxh7 52. Rxb6 {[%emt 0:00:04] Whites escaped into a draw.  Weighted Error Value: White=0.15 (very precise) /Black=0.21 (precise)} 1/2-1/2

[Event "Summer Chess Classic-A 2022"]
[Site "Saint Louis"]
[Date "2022.06.02"]
[Round "1.3"]
[White "Smirin, Ilia"]
[Black "Bjerre, Jonas Buhl"]
[Result "1/2-1/2"]
[ECO "C43"]
[WhiteElo "2599"]
[BlackElo "2610"]
[Annotator "TA"]
[PlyCount "81"]
[EventDate "2022.05.31"]
[EventType "tourn"]
[EventCountry "USA"]
[SourceTitle "playchess.com"]
[Source "ChessBase"]
[SourceQuality "1"]
[TimeControl "40/5400+30:1800+30"]

1. e4 e5 2. Nf3 Nf6 3. d4 Nxe4 4. Nxe5 d5 5. Nd2 Nxd2 6. Bxd2 Bd6 7. Bd3 O-O 8. O-O c5 {[%emt 0:06:15] C43: Petroff Defence: 3 d4.} 9. c3 Nc6 10. Nxc6 bxc6 {[%emt 0:00:09] White has an edge.} 11. dxc5 Bxc5 12. Qh5 {[%emt 0:00:48][%csl Gd3][%cal Rh5h7] [#]} g6 {[%emt 0:09:42] [#]} 13. Qf3 $146 ({Predecessor:} 13. Qh6 Re8 14. Bg5 Qb6 15. Bf6 Bf8 16. Qd2 Ba6 17. b3 Bg7 18. Bxg7 Kxg7 19. Rfe1 Bxd3 20. Qxd3 {1-0 (41) Hennemann,X (2070)-Schertzer,S (2050) Mulhouse 2002}) 13... Re8 14. Rfe1 Be6 15. Bf4 Bd6 16. Re2 Bxf4 17. Qxf4 c5 18. Rae1 Kg7 19. h4 Qf6 20. Qg3 c4 21. Bb1 d4 22. cxd4 Rad8 23. h5 Rxd4 24. Qc3 Rh4 25. Re5 Rxh5 (25... Rd8 {feels hotter.} 26. hxg6 hxg6 27. Be4 Rd2) 26. Rxh5 Qxc3 27. bxc3 gxh5 $11 {[%emt 0:00:05][%mdl 4096] Endgame KRB-KRB} 28. Bf5 Kf6 29. Bxe6 Rxe6 {[%emt 0:00:45] KR-KR} 30. Rd1 Ra6 31. Rd4 $1 Rxa2 {[%emt 0:01:05] Hoping for ...a5.} 32. Rxc4 {[%emt 0:00:06] The position is equal.} a5 {[%emt 0:01:04] Strongly threatening ...a4.} 33. Rc5 Kg6 34. Kh2 a4 ({Much worse is} 34... Rxf2 35. Rxa5 Re2 36. Rc5 $15) 35. Ra5 a3 ({Of course not} 35... Rxf2 $6 36. Rxa4 Rf1 37. Rc4 $15) 36. c4 h4 {[%emt 0:00:54] Threatens to win with ...Ra1.} 37. c5 Rxf2 38. Rxa3 Rc2 39. Ra6+ Kg5 40. Ra7 Rxc5 41. Rxf7 {[%emt 0:30:11] Weighted Error Value: White=0.03 (flawless) /Black=0.03 (flawless)} 1/2-1/2

[Event "Summer Chess Classic-A 2022"]
[Site "Saint Louis"]
[Date "2022.06.02"]
[Round "1.4"]
[White "Theodorou, Nikolas"]
[Black "Hakobyan, Aram"]
[Result "1/2-1/2"]
[ECO "E20"]
[WhiteElo "2567"]
[BlackElo "2615"]
[Annotator "TA"]
[PlyCount "40"]
[EventDate "2022.05.31"]
[EventType "tourn"]
[EventCountry "USA"]
[SourceTitle "playchess.com"]
[Source "ChessBase"]
[SourceQuality "1"]
[TimeControl "40/5400+30:1800+30"]

1. d4 d5 2. c4 e6 3. Nf3 Nf6 4. g3 dxc4 5. Bg2 Bb4+ 6. Nc3 O-O 7. O-O Nc6 8. a3 Be7 9. e4 {[%emt 0:00:34] E20: Nimzo-Indian: 4 g3 and 4 f3.} a6 10. Be3 b5 {[%emt 0:01:14] Inhibits Qa4.} 11. h4 {[%emt 0:02:13] [#] Black is slightly better.} Rb8 $146 ({Predecessor:} 11... Na5 12. e5 Nd5 13. Ng5 Bb7 14. Qh5 h6 15. Nge4 f5 16. Qg6 Nxe3 17. fxe3 Nb3 18. Qxe6+ {½-½ (28) Biedermann,T (2491)-Ohtake,S (2418) ICCF email 2019}) 12. e5 Ng4 (12... Nd5 $15) 13. Ng5 $11 {[%emt 0:07:39] The position is equal.} Nxe3 14. fxe3 Bxg5 15. hxg5 Qxg5 16. Bxc6 {[%emt 0:05:06] [#] Threatens to win with Qf3.} Qxg3+ 17. Kh1 {[%emt 0:01:00] aiming for Qh5. Active counter play!} Qh3+ 18. Kg1 Qg3+ 19. Kh1 {[%emt 0:00:07] Qh5 is the strong threat.} Qh3+ 20. Kg1 Qg3+ {[%emt 0:00:15] Weighted Error Value: White=0.05 (flawless) /Black=0.05 (flawless)} 1/2-1/2

[Event "Summer Chess Classic-A 2022"]
[Site "Saint Louis"]
[Date "2022.06.02"]
[Round "1.5"]
[White "Oparin, Grigoriy"]
[Black "Robson, Ray"]
[Result "1/2-1/2"]
[ECO "E11"]
[WhiteElo "2685"]
[BlackElo "2684"]
[Annotator "TA"]
[PlyCount "68"]
[EventDate "2022.05.31"]
[EventType "tourn"]
[EventCountry "USA"]
[SourceTitle "playchess.com"]
[Source "ChessBase"]
[SourceQuality "1"]
[TimeControl "40/5400+30:1800+30"]

1. d4 Nf6 2. c4 e6 3. Nf3 d5 4. g3 Bb4+ 5. Bd2 Be7 6. Bg2 O-O 7. O-O Nbd7 8. Qc2 c6 {[%emt 0:00:49] [#]} 9. h4 $146 {[%emt 0:00:36] E11: Bogo-Indian.} ({Predecessor:} 9. Rd1 a5 10. Bf4 Nh5 11. Bc1 Nhf6 12. Nbd2 b6 13. e4 Ba6 14. b3 Rc8 15. Bb2 h6 16. Rac1 Bb4 17. Qb1 Nxe4 18. Nxe4 dxe4 19. Qxe4 {1-0 (43) Le,Q (2709)-Andreikin,D (2729) Chess.com INT 2022}) 9... b6 10. Nc3 Ba6 11. cxd5 cxd5 12. Rfc1 Qb8 13. Qa4 Qb7 {[%emt 0:01:35] The position is equal.} 14. Nb5 {[%emt 0:00:40] With the idea Nc7.} Rac8 {[%emt 0:06:28] Inhibits Nc7.} 15. Bf4 Bxb5 16. Qxb5 Ne4 17. Ne5 Nxe5 18. Bxe5 Nd6 19. Bxd6 Bxd6 20. e3 a6 21. Qd3 Rxc1+ 22. Rxc1 Rc8 {[%emt 0:00:31] Prevents Qc2.} 23. Rxc8+ Qxc8 $11 {[%emt 0:00:02][%mdl 4096] Endgame KQB-KQB} 24. Bf1 b5 25. a4 bxa4 26. Qxa6 Qxa6 27. Bxa6 {[%emt 0:00:04] KB-KB} a3 28. bxa3 Bxa3 29. Kg2 h5 30. Kg1 g6 31. Kg2 Kg7 32. Kg1 Kg8 33. Kg2 Kg7 34. Kg1 Kg8 {[%emt 0:00:07] An even fight not without its subleties.  Weighted Error Value: White=0.05 (flawless) /Black=0.03 (flawless)} 1/2-1/2

[Event "Summer Chess Classic-A 2022"]
[Site "Saint Louis"]
[Date "2022.06.03"]
[Round "2.1"]
[White "Robson, Ray"]
[Black "Mishra, Abhimanyu"]
[Result "1/2-1/2"]
[ECO "D44"]
[WhiteElo "2684"]
[BlackElo "2535"]
[Annotator "TA"]
[PlyCount "104"]
[EventDate "2022.05.31"]
[EventType "tourn"]
[EventCountry "USA"]
[SourceTitle "playchess.com"]
[Source "ChessBase"]
[SourceQuality "1"]
[TimeControl "40/5400+30:1800+30"]

1. d4 d5 2. c4 c6 3. Nf3 Nf6 4. Nc3 e6 5. Bg5 dxc4 6. e4 b5 7. e5 h6 8. Bh4 g5 9. Nxg5 hxg5 10. Bxg5 Be7 11. exf6 Bxf6 12. Bxf6 Qxf6 {[%emt 0:00:10] [#]} 13. Qd2 {[%emt 0:06:51] D44: Semi-Slav: Botvinnik System.} ({White should play} 13. g3 $1 $16) 13... Na6 $11 14. O-O-O Bb7 15. Ne4 Qe7 {[%emt 0:01:09] [#]} 16. h4 $146 ({Predecessor:} 16. Be2 O-O-O 17. Qe3 f5 18. Nc5 Nxc5 19. dxc5 Rd5 20. Rxd5 cxd5 21. f4 Kd7 22. Bf3 {0-1 (37) Tkachev,T (1964)-Potyavin,I (2071) St Petersburg 2009}) 16... O-O-O 17. Qg5 Qf8 (17... Qc7 $5 ) 18. Be2 c5 19. Bf3 Qh6 ({Less strong is} 19... Rxd4 20. Rxd4 cxd4 21. Qxb5 $18) 20. Qxh6 Rxh6 21. dxc5 {[%emt 0:00:51] [#] Hoping for Nd6+.} ({Of course not} 21. Nxc5 Bxf3 22. gxf3 Nb4 $11) 21... Bxe4 22. Rxd8+ Kxd8 23. Bxe4 Nxc5 {[%emt 0:00:22][%mdl 4096] Endgame KRB-KRN} 24. Bc2 f5 25. Kd2 Nd7 26. Ke3 (26. b3 $14 {is more appropriate.}) 26... Ke7 27. g3 Rh8 28. a4 Rb8 29. axb5 Rxb5 30. Ba4 Rxb2 {[%emt 0:13:55] aiming for ...Nc5.} 31. Bxd7 Kxd7 {[%emt 0:00:07] KR-KR} 32. h5 Ke7 33. h6 {[%emt 0:00:25] h7 is the strong threat.} Rb8 34. h7 Rh8 35. Rh6 e5 36. Ra6 Kf7 37. Rxa7+ Kg6 38. Re7 f4+ $2 (38... Rxh7 $11 {and Black stays safe.} 39. Rxe5 Rc7) 39. gxf4 $18 exf4+ 40. Kxf4 $2 ({White should try} 40. Kd4 $18) 40... Rxh7 $11 {[%emt 0:00:24] The position is equal.} 41. Re6+ Kf7 42. Rc6 Rh3 43. f3 Rh5 44. Kg4 Ra5 45. Rxc4 Kg6 46. Rc6+ Kf7 47. f4 Rb5 48. f5 Rb1 49. f6 Rg1+ 50. Kf5 Rf1+ 51. Ke4 Rxf6 52. Rxf6+ Kxf6 {[%emt 0:00:08] Weighted Error Value: White=0.09 (flawless) /Black=0.10 (very precise)} 1/2-1/2

[Event "Summer Chess Classic-A 2022"]
[Site "Saint Louis"]
[Date "2022.06.03"]
[Round "2.2"]
[White "Hakobyan, Aram"]
[Black "Sevian, Samuel"]
[Result "1/2-1/2"]
[ECO "E48"]
[WhiteElo "2615"]
[BlackElo "2703"]
[Annotator "TA"]
[PlyCount "116"]
[EventDate "2022.05.31"]
[EventType "tourn"]
[EventCountry "USA"]
[SourceTitle "playchess.com"]
[Source "ChessBase"]
[SourceQuality "1"]
[TimeControl "40/5400+30:1800+30"]

1. d4 {[%emt 0:02:17] Besenthal,K} Nf6 2. c4 e6 3. Nc3 Bb4 4. e3 O-O 5. Bd3 d5 6. cxd5 exd5 7. Nge2 b6 8. O-O {[%emt 0:00:41] E48: Nimzo-Indian: Rubinstein: 5 Bd3 d5 including 6 Ne2, but excluding 6 a3.} Re8 {[%emt 0:02:22] Prevents e4.} 9. Bd2 Bf8 10. Nf4 Bb7 11. Qf3 {[%emt 0:00:53] [#]} Bd6 $146 ({Predecessor:} 11... a6 12. Rad1 Ra7 13. Bc2 c5 14. dxc5 bxc5 15. Qh3 g6 16. Nce2 Bc6 17. Bc3 Nbd7 {0-1 (37) Navara,D (2735)-Inarkiev,E (2686) Gjakova 2016 CBM 173 [Besenthal,K]}) 12. Rad1 Bxf4 13. Qxf4 Ba6 14. Bxa6 Nxa6 15. f3 c5 16. Be1 h6 17. Bf2 Nc7 18. Qf5 Qc8 19. Qxc8 {[%emt 0:03:37] White is more active.} Raxc8 20. Bg3 (20. dxc5 $16 bxc5 21. Rd2) 20... Rxe3 21. dxc5 bxc5 22. Bf2 Re5 23. Bxc5 Nb5 {[%emt 0:00:13] [#] And now ...Nxc3 would win.} 24. Nxb5 Rxc5 25. Nd4 Re8 26. Rfe1 Kf8 27. Kf2 Rec8 28. Re2 g6 29. g4 a5 30. b3 Ne8 31. Kg3 Nc7 32. Re5 Re8 33. Rxe8+ Kxe8 $11 {[%emt 0:00:12][%mdl 4096] Endgame KRN-KRN} 34. Kf2 Ne6 35. Ke3 Ke7 36. Ne2 Kd6 37. Kd3 Rc8 38. Rd2 Rh8 39. h4 h5 40. g5 Rb8 41. Ke3 Re8 42. Kf2 Rc8 43. f4 a4 44. bxa4 Rc4 45. Kf3 (45. Rd3 $11 {keeps the balance.}) 45... Ng7 {[%emt 0:02:43][%mdl 1024] Black has strong compensation.} ({Much weaker is} 45... Rxa4 {[#]} 46. Rxd5+ $1 Ke7 47. Rd2 $11) (45... Kc6 $5 ) 46. a5 Nf5 47. a6 Rc6 48. a7 {[%emt 0:02:22] The position is equal.} Ra6 49. Nc3 Kc6 (49... Nxh4+ {looks sharper.} 50. Kf2 Nf5 51. a4 Kc6) 50. Nxd5 {[%emt 0:01:14] Nb4+ is the strong threat.} Rxa7 51. Nb4+ Kb5 52. Nd3 Ra4 53. Rb2+ Kc4 54. Ne5+ Kd5 55. Rb5+ Ke6 {[%emt 0:00:41] Hoping for ...Nd4+.} 56. Rb6+ Kd5 57. Rb5+ Ke6 {[%emt 0:01:14] aiming for ...Nd4+.} 58. Rb6+ Kd5 {[%emt 0:00:02] Weighted Error Value: White=0.08 (flawless) /Black=0.06 (flawless)} 1/2-1/2

[Event "Summer Chess Classic-A 2022"]
[Site "Saint Louis"]
[Date "2022.06.03"]
[Round "2.3"]
[White "Bjerre, Jonas Buhl"]
[Black "Theodorou, Nikolas"]
[Result "1-0"]
[ECO "E94"]
[WhiteElo "2610"]
[BlackElo "2567"]
[Annotator "TA"]
[PlyCount "101"]
[EventDate "2022.05.31"]
[EventType "tourn"]
[EventCountry "USA"]
[SourceTitle "playchess.com"]
[Source "ChessBase"]
[SourceQuality "1"]
[TimeControl "40/5400+30:1800+30"]

1. d4 Nf6 2. c4 g6 3. Nc3 Bg7 4. e4 d6 5. Nf3 O-O 6. Be2 e5 7. O-O h6 {[%emt 0:00:21] E94: King's Indian: Classical: 6 Be2 e5 7 0-0: Various Black 7th moves.} 8. dxe5 dxe5 9. Be3 Nc6 {[%emt 0:00:14] White is slightly better.} 10. h3 {[%emt 0:00:47] Against Bg4} Be6 11. Qc1 {[%emt 0:04:20] [#]} Nd4 $146 ({Predecessor:} 11... Kh7 12. Rd1 Qc8 13. a3 Na5 14. Qc2 Bxc4 15. Nxe5 Bxe2 16. Nxe2 Qe6 17. Bd4 Nb3 {0-1 (32) Wiwatanadate,P (2043)-Royal,S (2121) Chess.com INT 2021}) 12. Rd1 c5 (12... Nxe2+ $14 13. Nxe2 Qe7) 13. Bxh6 $16 Qa5 14. Bxg7 Kxg7 15. Qg5 Rae8 16. Nxe5 (16. Qxe5 $2 Bxc4 $1 17. Rxd4 Rxe5 18. Rxc4 Ree8 $19) 16... Bxh3 17. Bd3 ({White must play} 17. gxh3 $16 Nh7 18. Qg2 $1 Rxe5 19. f4) 17... Rh8 {[%emt 0:03:55] Hoping for ...Rh5.} 18. Nxf7 (18. gxh3 $2 Rxe5 $1 19. Qe3 Rg5+ $1 20. Kh1 Qc7 $1 $19) 18... Rh5 (18... Bxg2 19. Kxg2 Kxf7 20. Rg1 $11 (20. e5 Rh2+ 21. Kf1 Rh1+ 22. Kg2 Rh2+ 23. Kf1 Rh1+ 24. Kg2 Rh2+ $11)) 19. Qg3 Kxf7 20. e5 $1 ({But not} 20. gxh3 $2 Rg5 $3 21. Qxg5 Nf3+ 22. Kg2 Nxg5 $19) 20... Bf5 21. exf6 {[%emt 0:03:00] Really sharp!} Bxd3 22. Qxd3 (22. Rxd3 $2 Qxc3 $3 23. Qc7+ Kxf6 24. Qd6+ (24. bxc3 $2 {gets mated.} Ne2+ 25. Kf1 Rh1#) 24... Kg7 25. Qd7+ (25. bxc3 $2 Ne2+ 26. Kf1 Rh1#) 25... Kh6 26. Qxe8 Qxd3 $17) 22... Reh8 23. f4 {[%emt 0:02:09] And now Re1 would win.} Qb6 24. Nb5 (24. Qe3 $5 Qxf6 25. Ne4 $14 (25. Qe4 $2 Rh1+ 26. Kf2 Qh4+ 27. Ke3 Qg3+ 28. Kd2 Re8 $19)) 24... Qxf6 25. Nxd4 cxd4 26. Qf3 Qb6 27. Qb3 Qc7 28. Qf3 Qb6 {[%emt 0:00:22] ( -> ...d3+)} 29. Kf2 Qxb2+ 30. Kg3 {[%emt 0:00:02] Threatens to win with Rab1.} Qc3 31. Qxc3 dxc3 $14 {[%emt 0:00:02][%mdl 4096] Endgame KRR-KRR} 32. Rac1 Rc5 33. Rxc3 {[%emt 0:00:16] Strongly threatening Rd7+.} Rc7 {[%emt 0:00:48] Against Rd7+. White stays focused until the end.} ({Black should play} 33... g5 $14) 34. Kg4 $16 Rh5 35. Rcd3 {[%emt 0:00:21] Black must now prevent Rd7+.} Rhc5 $2 (35... Ra5 $16) 36. Rd7+ $18 Ke8 (36... Kf8 $142 37. g3 b6 38. Rxc7 Rxc7) 37. Rxc7 Rxc7 {[%emt 0:00:01] KR-KR} 38. Rd6 Kf7 {[%emt 0:01:14] [#]} 39. Kg5 $1 Rc5+ 40. Rd5 Rc7 41. c5 Kg7 42. g4 Kh7 43. Kf6 {[%emt 0:05:08] aiming for g5.} b6 (43... Rc6+ $142 44. Ke7 Kg7) 44. cxb6 axb6 45. g5 {[%emt 0:06:51] White wants to mate with Re5.} Rc6+ 46. Ke5 Rc7 47. a4 Ra7 48. Kf6 Rxa4 49. Rd7+ Kg8 50. Rd8+ Kh7 51. f5 {[%emt 0:00:17] Weighted Error Value: White=0.19 (very precise) /Black=0.43} 1-0

[Event "Summer Chess Classic-A 2022"]
[Site "Saint Louis"]
[Date "2022.06.03"]
[Round "2.4"]
[White "Gledura, Benjamin"]
[Black "Smirin, Ilia"]
[Result "1-0"]
[ECO "D24"]
[WhiteElo "2644"]
[BlackElo "2599"]
[Annotator "TA"]
[PlyCount "68"]
[EventDate "2022.05.31"]
[EventType "tourn"]
[EventCountry "USA"]
[SourceTitle "playchess.com"]
[Source "ChessBase"]
[SourceQuality "1"]
[TimeControl "40/5400+30:1800+30"]

1. d4 Nf6 2. c4 e6 3. Nf3 d5 4. Nc3 dxc4 5. e4 b5 (5... Bb4 $5 ) 6. e5 {[%emt 0:00:59] D24: Queen's Gambit Accepted: 3 Nf3 Nf6 4 Nc3.} Nd5 7. Nxb5 Nb6 8. a3 (8. Nc3 $14) 8... Be7 9. Qc2 Bb7 10. Be3 Nc6 11. Rd1 Qd7 (11... O-O $11) 12. Nc3 {[%emt 0:03:10][%cal Od4d5] White is much more active. The black rooks are badly placed.} Na5 13. Be2 O-O-O 14. O-O {[%emt 0:01:17] [#]} (14. Ng5 $5 Qe8 15. O-O $14) 14... Kb8 $146 (14... Qc6 $1 $14) ({Predecessor:} 14... g5 15. Nd2 h5 16. b4 cxb3 17. Nxb3 Nxb3 18. Qxb3 Qc6 19. Bf3 Qc4 20. Bxb7+ Kxb7 {0-1 (54) Rustemov,A (2525)-Xiong,J (2686) Chess.com INT 2022}) 15. Nd2 $16 f5 16. exf6 gxf6 17. Bf3 Bxf3 18. Nxf3 Nd5 19. Rfe1 Rdg8 20. Bd2 Nb3 21. Qe4 {[%emt 0:01:49] Inhibits Rg4.} Bd6 22. Qxe6 Qxe6 (22... Qg7 $2 23. Bg5 (23. g3 Nb6 $18) 23... Nb6 24. Qxf6 $18) 23. Rxe6 Nxd2 24. Rxd2 ({And not} 24. Nxd2 Nf4 25. Re4 (25. Rxf6 Rxg2+ 26. Kh1 Rhg8 $17) 25... Rxg2+ 26. Kh1 Rxf2 27. Nxc4 f5 $11) 24... Nf4 25. Rxf6 {[%emt 0:00:10] g3 is the strong threat.} Rxg2+ 26. Kf1 {[%emt 0:00:08] And now Ne5 would win.} Rg6 27. Rf5 Re8 28. Nd1 {[%emt 0:03:16] Pair of Knights!} (28. Nb5 $142 Re4 29. Rc2) 28... Nd3 (28... Rf8 $16 {is a better defense.} 29. Rxf8+ Bxf8) 29. Ne3 $18 Bf4 {[%emt 0:00:28] [#]} (29... Rf8 {was called for.} 30. Rxf8+ Bxf8 31. Nxc4 Nf4) 30. Rxd3 $1 cxd3 31. Rxf4 Rc6 32. Nd2 Rg8 (32... Rc1+ $142 33. Kg2 a6) 33. Ndc4 Rh6 34. h4 Rgg6 {[%emt 0:01:21] Weighted Error Value: White=0.09 (flawless) /Black=0.26 (precise)} 1-0

[Event "Summer Chess Classic-A 2022"]
[Site "Saint Louis"]
[Date "2022.06.03"]
[Round "2.5"]
[White "Oparin, Grigoriy"]
[Black "Yu, Yangyi"]
[Result "0-1"]
[ECO "D18"]
[WhiteElo "2685"]
[BlackElo "2710"]
[Annotator "TA"]
[PlyCount "74"]
[EventDate "2022.05.31"]
[EventType "tourn"]
[EventCountry "USA"]
[SourceTitle "playchess.com"]
[Source "ChessBase"]
[SourceQuality "1"]
[TimeControl "40/5400+30:1800+30"]

1. d4 d5 2. c4 c6 3. Nf3 Nf6 4. Nc3 dxc4 5. a4 Bf5 6. e3 e6 7. Bxc4 Bb4 8. O-O O-O 9. Nh4 Bg4 10. f3 Bh5 11. g4 Nd5 12. Ng2 Bg6 {[%emt 0:00:11] D18: Slav Defence: 5 a4 Bf5 6 e3.} 13. Bd2 (13. Na2 $5 Bd6 14. e4 $14) 13... a5 {[%emt 0:18:35] [#]} 14. Bb3 $146 ({Predecessor:} 14. Qe2 Nd7 15. e4 N5b6 16. Bb3 c5 17. d5 exd5 18. Nxd5 Nf6 19. Bg5 Nbxd5 20. Bxd5 {0-1 (58) Aradhya,G (2198)-Tsyhanchuk,S (2283) Chess.com INT 2021}) 14... Na6 {[%emt 0:05:58] The position is equal.} 15. e4 Nb6 16. Be3 c5 17. h4 h6 18. Na2 (18. h5 $5 cxd4 19. Qxd4 (19. hxg6 dxe3 20. gxf7+ Kxf7 $17) (19. Bxd4 Bh7 $11) 19... Qxd4 20. Bxd4 $14) 18... c4 19. Bc2 Be7 20. h5 Bh7 21. Nc3 Nb4 22. Rc1 Nxc2 (22... f5 $15) 23. Rxc2 $14 Bb4 24. Nf4 Qe7 25. d5 Nd7 26. Nb5 Rac8 27. d6 Qf6 28. Qc1 (28. Nh3 $14) 28... Ne5 $11 29. b3 $2 {[%emt 0:00:52] Now White is beyond hope.} (29. Qd1 $11) 29... Qh4 $19 {[%emt 0:03:30] [#] Strongly threatening ...Qg3+.} 30. Ng2 (30. Rg2 $142 cxb3 31. Qd1) 30... Qh3 31. Qd1 (31. d7 {was called for.} Rcd8 32. Nd4) 31... cxb3 {[%emt 0:02:17] Black is clearly winning.} 32. Rxc8 (32. Rcf2 $142 Bxe4 33. fxe4 Nxg4 34. Nf4 Qg3+ 35. Rg2 Qxe3+ 36. Kh1) 32... Rxc8 33. Nd4 b2 {[%emt 0:03:44][%cal Oe5g4] [#] And now ...Nxg4! would win.} 34. d7 Nxd7 {[%emt 0:01:52] ...Bd6 is the strong threat.} 35. Nxe6 Ne5 36. Nd4 Rc1 37. Bxc1 b1=Q {[%emt 0:00:06] Weighted Error Value: White=0.80/Black=0.26 (precise)} 0-1